 Dungeon Crawl Stone Soup version 0.31.0-12-g77e489cdc1 (webtiles) character file.

Game seed: 10202227242838118890

1095 monsoonserge the Ruffian (level 8, -1/60 HPs)
             Began as a Gnoll Shapeshifter on Mar 1, 2024.
             Was a Believer of Wu Jian.
             Slain by a gnoll
             ... wielding a +0 spear
             ... led by a gnoll bouda
              (8 damage)
             ... on level 4 of the Dungeon.
             The game lasted 00:11:33 (3244 turns).

monsoonserge the Ruffian (Gnoll Shapeshifter)       Turns: 3244, Time: 00:11:34

Health: -1/60      AC:  2    Str: 18    XL:     8   Next: 31%
Magic:  12/12      EV: 18    Int: 10    God:    Wu Jian [**....]
Gold:   230        SH:  5    Dex: 12    Spells: 13/13 levels left

rFire   . .          .
                       - Unarmed
rCold   . . .        (shield currently unavailable)
rNeg    . . .        m - melded +0 ring mail of Goufeb {^Drain rC+++}
rPois   .            s - +0 helmet
rElec   .            (no cloak)
rCorr   .            l - +0 pair of gloves
SInv    .            (no boots)
Will    .....        w - amulet "Elouczoluw" {Reflect Str+3 SH+5}
Stlth   +            (no ring)
HPRegen 0.30/turn    (no ring)
MPRegen 0.13/turn

%: reflection
@: flux-form, glowing, studying Polearms
A: glow, contaminating, fangs 1, strong nose, distributed training
a: Begin Untransformation, Renounce Religion, Wall Jump


You were on level 4 of the Dungeon.
You worshipped Wu Jian.
Wu Jian was pleased with you.
You were something dangerously unstable.
You visited 1 branch of the dungeon, and saw 4 of its levels.
You also visited: Sewer.

You collected 230 gold pieces.

Inventory:

Missiles
 t - 4 datura-tipped darts (quivered)
Armour
 a - a +0 animal skin
 g - a scarf of harm
 k - a +0 leather armour
 l - a +0 pair of gloves (worn)
 m - the +0 ring mail of Goufeb (melded) {^Drain rC+++}
   (You found it on level 2 of the Dungeon)

   rC+++:     It renders you almost immune to cold.
   ^Drain:    It drains your maximum health when unequipped.
 r - a +0 chain mail
 s - a +0 helmet (worn)
 D - the +1 leather armour of Reisutwu {rF+++ rCorr Str-4 Dex-5}
   (You took it off an orc wizard on level 4 of the Dungeon)

   Str-4:     It affects your strength (-4).
   Dex-5:     It affects your dexterity (-5).
   rF+++:     It renders you almost immune to fire.
   rCorr:     It protects you from acid and corrosion.
Magical Staves
 A - a staff of air
Jewellery
 e - an amulet of magic regeneration
 w - the amulet "Elouczoluw" (around neck) {Reflect Str+3 SH+5}
   (You found it on level 3 of the Dungeon)

   [amulet of reflection]

   Reflect:   It reflects blocked missile attacks.
   Str+3:     It affects your strength (+3).
   SH+5:      It affects your SH (+5).
Talismans
 c - a beast talisman
 d - a flux talisman (active)
 y - a maw talisman
Scrolls
 h - 2 scrolls of enchant weapon {unknown}
 o - a scroll of teleportation {unknown}
 u - 4 scrolls of identify {unknown}
 x - 2 scrolls of vulnerability {unknown}
 B - a scroll of blinking
 C - a scroll of fog {unknown}
 E - a scroll of noise {unknown}
Potions
 b - 2 potions of lignification
 f - a potion of magic {unknown}
 i - a potion of might {unknown}
 j - a potion of brilliance {unknown}
 n - 3 potions of curing {unknown}
 p - a potion of attraction {unknown}
 q - 2 potions of haste {unknown}
 v - 2 potions of enlightenment {unknown}
 z - a potion of heal wounds {unknown}


   Skills:
 + Level 4.2 Fighting
 + Level 3.3 Short Blades
 + Level 3.3 Long Blades
 + Level 3.3 Axes
 + Level 3.3 Maces & Flails
 + Level 3.4 Polearms
 + Level 3.3 Staves
 + Level 3.3 Ranged Weapons
 + Level 3.3 Throwing
 + Level 3.3 Armour
 + Level 5.7 Dodging
 + Level 3.3 Stealth
 + Level 3.3 Shields
 + Level 7.4 Unarmed Combat
 + Level 3.3 Spellcasting
 + Level 2.6 Conjurations
 + Level 2.6 Hexes
 + Level 2.6 Summonings
 + Level 2.6 Necromancy
 + Level 2.6 Translocations
 + Level 2.6 Fire Magic
 + Level 2.6 Ice Magic
 + Level 2.6 Air Magic
 + Level 2.6 Earth Magic
 + Level 2.6 Alchemy
 + Level 3.6 Invocations
 + Level 3.3 Evocations
 + Level 7.2 Shapeshifting


You had 13 spell levels left.
You didn't know any spells.
Your spell library contained the following spells:

 Spells                   Type           Power      Damage    Failure   Level
 Kiss of Death            Conj/Necr      28%        2d7       9%          1
 Magic Dart               Conj           28%        1d4       9%          1
 Searing Ray              Conj           14%        2d5       14%         2
 Confusing Touch          Hex            7%         N/A       26%         3
 Dispel Undead            Necr           7%         3d8       65%         4
 Fulminant Prism          Conj/Alch      3%         3d5       65%         4


Dungeon Overview and Level Annotations

Branches:
Dungeon (4/15)              Sewer (visited)
 Temple: D:4-7

Altars:
Kikubaaqudgha
Okawaru
Wu Jian
Xom


Innate Abilities, Weirdness & Mutations

You are something dangerously unstable.
You glow with magical radiation, making you easy to see and hit.
Foes you strike become dangerously contaminated with magical radiation.
You are incapable of wielding weapons or throwing items.
You have very sharp teeth.
Your uncanny sense of smell can sniff out nearby items.
Your experience applies equally to all skills.


Message History

* * * LOW HITPOINT WARNING * * *
Unknown command.
You lunge at the gnoll.
You hit the gnoll.
The gnoll begins to glow.
The gnoll is heavily wounded.
You spin and attack the gnoll.
You hit the gnoll.
The gnoll glows dangerously bright.
You bite the gnoll.
The gnoll is lightly wounded.
The gnoll misses you. You block the gnoll's attack.
The gnoll completely misses you. The gnoll closely misses you.
You spin and attack the gnoll.
You barely miss the gnoll.
The gnoll is lightly wounded.
You spin and attack the gnoll repeatedly.
You hit the gnoll but do no damage.
The gnoll glows dangerously bright.
The gnoll is heavily wounded.
You completely miss the gnoll.
The gnoll is heavily wounded.
The gnoll is no longer moving quickly.
The gnoll hits you with a +0 club.
* * * LOW HITPOINT WARNING * * *
The gnoll hits you with a +0 spear.
* * * LOW HITPOINT WARNING * * *
Okay, then.
You lunge at the gnoll.
You completely miss the gnoll. Your bite misses the gnoll.
You spin and attack the gnoll.
You hit the gnoll.
The gnoll shudders as magic cascades through it!
You kill the gnoll!
The Council accepts your kill.
You spin and attack the gnoll.
You hit the gnoll.
The gnoll shudders as magic cascades through it.
You kill the gnoll!
The Council accepts your kill. You block the gnoll's attack.
The gnoll barely misses you.
Press: ? - help, v - describe, . - travel, g - get item Item here: a +0 spear.
An iron altar of Okawaru.
You spin and attack the gnoll.
You hit the gnoll.
The gnoll begins to glow.
The gnoll is moderately wounded.
You spin and attack the gnoll.
You barely miss the gnoll.
The gnoll is no longer moving quickly.
The gnoll closely misses you. The gnoll hits you with a +0 spear!
You die...

#.......>....................
#............................
#...##.......................
#...##..###...#########......
#...#...# #(..# #......
#...#...###...## ######.....)
#...'...##8).)8#8.!.8##.....)
#######.##...g.#....?##.[....
#...###.##..pg.)..[..##......
#.....#.##.....#....!##......
#.....#.##8...8#8.?.8##......
#.....'.###...## ######......
#....(#.# #...# #'####.
#..[.##.# #...#########...##.
#....#### #.......#........#.
#.....# ##......#........#.
#....)# #......#........#.


You could see 2 gnolls.

Vanquished Creatures
  Eustachio (D:4)
  A water moccasin (D:3)
  An ogre (D:4)
  2 centaurs (D:4)
  2 bullfrogs (Sewer)
  A scorpion (D:4)
  2 bombardier beetles
  An orc priest (D:4)
  A gnoll bouda (D:4)
  2 iguanas (D:4)
  An orc wizard (D:4)
  Robin (D:2)
  8 adders
  3 gnolls (D:4)
  4 dart slugs (Sewer)
  5 orcs
  8 bats
  5 endoplasms
  8 giant cockroaches
  12 goblins
  8 hobgoblins
  10 jackals (D:2)
  4 quokkas
  8 ball pythons
  9 frilled lizards
  8 kobolds
  7 rats
123 creatures vanquished.

Notes
Turn   | Place    | Note
-------+----------+-------------------------------------------
     0 | D:1      | monsoonserge the Gnoll Shapeshifter began the quest for the
                  | Orb.
     0 | D:1      | Reached XP level 1. HP: 17/17 MP: 1/1
    67 | D:1      | Reached XP level 2. HP: 23/23 MP: 2/2
   469 | D:2      | Identified the +0 ring mail of Goufeb {^Drain rC+++}
   497 | D:2      | Found an ornate altar of the Wu Jian Council.
   523 | D:2      | Reached XP level 3. HP: 26/28 MP: 3/3
   559 | D:2      | Became a worshipper of the Wu Jian Council
   592 | D:2      | Reached skill level 1 in Invocations
   736 | D:2      | Reached skill level 1 in Short Blades
   736 | D:2      | Reached skill level 1 in Long Blades
   736 | D:2      | Reached skill level 1 in Axes
   736 | D:2      | Reached skill level 1 in Maces & Flails
   736 | D:2      | Reached skill level 1 in Polearms
   736 | D:2      | Reached skill level 1 in Staves
   736 | D:2      | Reached skill level 1 in Ranged Weapons
   736 | D:2      | Reached skill level 1 in Throwing
   736 | D:2      | Reached skill level 1 in Armour
   736 | D:2      | Reached skill level 1 in Stealth
   736 | D:2      | Reached skill level 1 in Shields
   736 | D:2      | Reached skill level 1 in Spellcasting
   736 | D:2      | Reached skill level 1 in Evocations
   856 | D:2      | Noticed Robin
   861 | D:2      | Reached XP level 4. HP: 34/34 MP: 5/5
   863 | D:2      | Reached * piety under Wu Jian
   985 | D:2      | Killed Robin
   986 | D:2      | Reached skill level 1 in Conjurations
   986 | D:2      | Reached skill level 1 in Hexes
   986 | D:2      | Reached skill level 1 in Summonings
   986 | D:2      | Reached skill level 1 in Necromancy
   986 | D:2      | Reached skill level 1 in Translocations
   986 | D:2      | Reached skill level 1 in Fire Magic
   986 | D:2      | Reached skill level 1 in Ice Magic
   986 | D:2      | Reached skill level 1 in Air Magic
   986 | D:2      | Reached skill level 1 in Earth Magic
   986 | D:2      | Reached skill level 1 in Alchemy
  1067 | D:3      | Reached XP level 5. HP: 38/40 MP: 5/7
  1209 | D:3      | Identified the amulet "Elouczoluw" {Reflect Str+3 SH+5}
  1294 | D:3      | Noticed a water moccasin
  1303 | D:3      | Killed a water moccasin
  1304 | D:3      | Reached XP level 6. HP: 35/47 MP: 8/8
  1571 | D:3      | Found an ancient bone altar of Kikubaaqudgha.
  1592 | D:3      | Reached skill level 5 in Dodging
  1754 | D:4      | Found a shimmering altar of Xom.
  1843 | D:4      | Reached ** piety under Wu Jian
  1879 | D:4      | Found a glowing drain.
  1883 | Sewer    | Entered a sewer
  2249 | Sewer    | Reached XP level 7. HP: 41/52 MP: 10/10
  2368 | D:4      | Noticed Eustachio
  2377 | D:4      | Killed Eustachio
  2560 | D:4      | Identified the +1 leather armour of Reisutwu {rF+++ rCorr
                  | Str-4 Dex-5}
  2585 | D:4      | Reached XP level 8. HP: 14/60 MP: 12/12
  2938 | D:4      | Found an iron altar of Okawaru.
  2938 | D:4      | Found a runed translucent door.
  2942 | D:4      | Found the +0 toga "Victory" {*Victory Clar}
  3244 | D:4      | Slain by a gnoll

Illustrated notes

Levels and vault maps discovered:
D:1:      lemuel_arrival_broad_hall, layout_rooms, due_unseen_surprise
D:2:      layout_basic, basic_altar, uniq_robin
D:3:      layout_loops_cross, kiku_gazebo_garden_becter
D:4:      layout_gridville, nicolae_overflow_guarded_unrand_okawaru_victory,
          mainiacjoe_overflow_cross_hatched, gup_sewer_entry_spiral,
          minmay_misc_feat_rugged, minmay_manual_mares, uniq_eustachio

Skill      XL: |  1  2  3  4  5  6  7 |
---------------+----------------------+-----
Invocations    | 1 2 3 |  3.6
Short Blades   | 1 2 3 |  3.3
Long Blades    | 1 2 3 |  3.3
Axes           | 1 2 3 |  3.3
Maces & Flails | 1 2 3 |  3.3
Polearms       | 1 2 3 |  3.4
Staves         | 1 2 3 |  3.3
Ranged Weapons | 1 2 3 |  3.3
Throwing       | 1 2 3 |  3.3
Armour         | 1 2 3 |  3.3
Stealth        | 1 2 3 |  3.3
Shields        | 1 2 3 |  3.3
Spellcasting   | 1 2 3 |  3.3
Evocations     | 1 2 3 |  3.3
Conjurations   | 1 2 |  2.6
Hexes          | 1 2 |  2.6
Summonings     | 1 2 |  2.6
Necromancy     | 1 2 |  2.6
Translocations | 1 2 |  2.6
Fire Magic     | 1 2 |  2.6
Ice Magic      | 1 2 |  2.6
Air Magic      | 1 2 |  2.6
Earth Magic    | 1 2 |  2.6
Alchemy        | 1 2 |  2.6
Fighting       | 3 4 |  4.2
Dodging        | 5 |  5.7
Unarmed Combat | 7 |  7.4
Shapeshifting  | 7 |  7.2

Action                     |  1- 3 |  4- 6 |  7- 9 || total
---------------------------+-------+-------+-------++-------
  Melee: Unarmed           |    79 |   171 |   100 ||   350
         Bite              |     5 |    15 |    10 ||    30
Ability: Lunge             |       |     6 |     5 ||    11
         Whirlwind         |       |     7 |    30 ||    37
 Armour: Animal skin       |    14 |       |       ||    14
         Ring mail         |    27 |    15 |       ||    42
         Skin              |     3 |    43 |    41 ||    87
  Dodge: Dodged            |    59 |    95 |   100 ||   254
  Block: Other             |       |    23 |    23 ||    46
         Reflection        |       |     3 |     1 ||     4
   Form: Flux              |     1 |     1 |       ||     2
         Beast             |     1 |       |       ||     1
